 Dungeon Crawl Stone Soup version 0.25-a0-886-gd7461d2276 (webtiles) character file.

Game seed: 17551365284294152697, levelgen mode: deterministic

134 DerDa the Firebug (level 4, -1/30 HPs)
             Began as a Demonspawn Fire Elementalist on May 2, 2020.
             Slain by an orc wizard
             ... wielding a +0 dagger
              (5 damage)
             ... on level 3 of the Dungeon.
             The game lasted 00:09:35 (2353 turns).

DerDa the Firebug (Demonspawn Fire Elementalist)    Turns: 2353, Time: 00:09:36

Health: -1/30      AC:  2    Str:  9    XL:     4   Next: 95%
Magic:  0/8        EV: 12    Int: 17    God:
Gold:   142        SH:  4    Dex: 13    Spells: 8/9 levels left

rFire    . . .     SeeInvis .   g - +0 short sword (drain)
rCold    . . .     Gourm    .   (no shield)
rNeg     . . .     Faith    .   a - +0 robe
rPois    .         Spirit   .   (no helmet)
rElec    .         Reflect  .   (no cloak)
rCorr    .         Harm     .   (no gloves)
MR       .....                  (no boots)
Stlth    ++........             (no amulet)
HPRegen  0.10/turn              (no ring)
MPRegen  0.11/turn              (no ring)

@: stab
A: claws 1, large bone plates 1
a: no special abilities


You were on level 3 of the Dungeon.
You were not hungry.

You visited 1 branch of the dungeon, and saw 3 of its levels.

You collected 142 gold pieces.

Inventory:

Hand Weapons
 g - a +0 short sword of draining (weapon)
Missiles
 j - 10 poisoned darts (quivered)
Armour
 a - a +0 robe (worn)
Scrolls
 d - a scroll of fog
 i - a scroll of remove curse
 k - 2 scrolls of amnesia
Comestibles
 b - 5 chunks of flesh
 c - a ration


   Skills:
 - Level 1.7 Dodging
 - Level 1.7 Stealth
 * Level 3.1 Spellcasting
 * Level 2.8 Conjurations
 * Level 3.6 Fire Magic


You had 8 spell levels left.
You knew the following spells:

 Your Spells              Type           Power        Failure   Level  Hunger
a - Foxfire               Conj/Fire      ##..         4%          1    None

Your spell library contained the following spells:

 Spells                   Type           Power        Failure   Level  Hunger
 Magic Dart               Conj           ##..         5%          1    None
 Searing Ray              Conj           ##....       9%          2    ##.....
 Conjure Flame            Conj/Fire      ##......     14%         3    ###....
 Inner Flame              Hex/Fire       #.......     24%         3    ###....
 Dazzling Flash           Conj/Hex       #.....       28%         3    ###....
 Sticky Flame             Conj/Fire      ##......     41%         4    ####...
 Fulminant Prism          Conj/Hex       #.........   67%         4    ####...
 Iskenderun's Mystic Bla  Conj/Tloc      #.......     67%         4    ####...
 Fireball                 Conj/Fire      ##........   77%         5    ######.


Dungeon Overview and Level Annotations

Branches:
Dungeon (3/15)

Altars:

Annotations:
D:3 Sigmund


Innate Abilities, Weirdness & Mutations

You have sharp fingernails.
You are partially covered in large bone plates. (SH +4)


Message History

The orc wizard casts a cantrip, but nothing happens.
The orc wizard hits you with a +0 dagger.
* * * LOW HITPOINT WARNING * * *
The foxfire hits the orc wizard but does no damage.
The orc wizard is moderately wounded.
The orc wizard hits you but does no damage.
Casting: Foxfire (safe; 4% risk of failure)
Confirm with . or Enter, or press ? or * to list all spells.
Nothing appears to happen.
The orc wizard barely misses you.
Unknown command.
You hit the orc wizard.
The orc wizard is moderately wounded.
The orc wizard barely misses you. The orc wizard completely misses you.
The orc wizard closely misses you.
The orc wizard hits you but does no damage.
You hit the orc wizard.
The orc wizard is heavily wounded.
The orc wizard completely misses you.
The orc wizard hits you with a +0 dagger.
You die...

........#####..........##
........# #..#...[.....#
........# #..##.........#
........###.# #.........#
............ #.........#
.........### #.........#
..<.......# ##.......##
>.."....#.. ##o....##
........# #@oo.###
.##.###.# ###o.# . #.. .(
##.#### . #..# <#
#....######## ##.. #
#..##.##.....## #.#
.....##.(.......## @#
##....###)........# ..
#...### #.........# #...
............#


You could see 2 orc wizards and 2 orcs.

Vanquished Creatures
  Jessica (D:3)
  2 adders
  An ooze (D:2)
  3 worms
  3 dart slugs
  4 orcs (D:3)
  A ball python (D:2)
  7 giant cockroaches
  10 goblins
  6 hobgoblins
  4 jackals
  A quokka (D:3)
  5 bats
  2 frilled lizards (D:1)
  4 kobolds
  13 rats
67 creatures vanquished.

Vanquished Creatures (others)
  185 foxfires
185 creatures vanquished.

Grand Total: 252 creatures vanquished

Notes
Turn   | Place    | Note
-------+----------+-------------------------------------------
     0 | D:1      | DerDa the Demonspawn Fire Elementalist began the quest for
                  | the Orb.
     0 | D:1      | Reached XP level 1. HP: 13/13 MP: 3/3
   170 | D:1      | Gained mutation: You are partially covered in large bone
                  | plates. (SH +4) [demonic ancestry]
   170 | D:1      | Reached XP level 2. HP: 9/19 MP: 1/5
  1100 | D:2      | Gained mutation: You have sharp fingernails. [demonic
                  | ancestry]
  1100 | D:2      | Reached XP level 3. HP: 24/24 MP: 1/6
  2012 | D:2      | Reached XP level 4. HP: 30/30 MP: 4/8
  2163 | D:3      | Noticed Sigmund
  2265 | D:3      | Noticed Jessica
  2269 | D:3      | Killed Jessica
  2353 | D:3      | Slain by an orc wizard

Levels and vault maps discovered:
D:1:      dpeg_arrival_arbitrary_c, layout_rooms, minmay_misc_feat_nine_boxes,
          st_stairs_9, minmay_cupped
D:2:      layout_basic, kennysheep_generic_room_2
D:3:      layout_rooms, lemuel_round_altar, lemuel_doored_altar,
          gammafunk_temple_overflow_elements, first_ration,
          portal_sewer_entry_c, uniq_robin, uniq_sigmund, uniq_jessica

Skill      XL: |  1  2  3  4 |
---------------+-------------+-----
Fire Magic     | 3 |  3.6
Conjurations   | 2 |  2.8
Spellcasting   | 3 |  3.1
Dodging        | |  1.7
Stealth        | |  1.7

Action                   |  1- 3 |  4- 6 || total
-------------------------+-------+-------++-------
Melee: Club              |    16 |     1 ||    17
       Short sword       |       |    23 ||    23
 Cast: Foxfire           |    91 |    29 ||   120
  Use: Scroll            |     4 |     2 ||     6
       Potion            |       |     3 ||     3
  Eat: Chunk             |     4 |     1 ||     5
Armor: Robe              |     9 |     3 ||    12
       Skin              |       |     3 ||     3
Dodge: Dodged            |    21 |    29 ||    50
Block: Other             |    11 |     4 ||    15

Table legend:
 A = Non-vault XP
 B = Vault XP
 C = Vault XP percentage of total XP
 D = Non-vault monster count
 E = Vault monster count
 F = Vault count percentage of total count
                 A         B        C        D         E       F
            +---------+---------+-------+---------+---------+-------
      Total |     130 |      62 |  32.3 |      58 |       9 |  13.4
            +---------+---------+-------+---------+---------+-------
        D:1 |      31 |       8 |  20.5 |      18 |       5 |  21.7
        D:2 |      53 |      17 |  24.3 |      27 |       3 |  10.0
        D:3 |      46 |      37 |  44.6 |      13 |       1 |   7.1
            +---------+---------+-------+---------+---------+-------
